 Dungeon Crawl Stone Soup version 0.29.0-4-gdea44cf6ec (webtiles) character file.

Game seed: 10915780797437525793

7 qw the Caller (level 2, 0/22 HPs)
             Began as a Ghoul Summoner on Sept 10, 2022.
             Constricted to death by a ball python (1 damage)
             ... on level 1 of the Dungeon.
             The game lasted 00:00:12 (833 turns).

qw the Caller (Ghoul Summoner)                       Turns: 833, Time: 00:00:12

Health: 0/22       AC:  2    Str: 11    XL:     2   Next: 0%
Magic:  0/3        EV:  9    Int: 10    God:
Gold:   23         SH:  0    Dex:  9    Spells: 3/4 levels left

rFire   . . .      SeeInvis .   d - +0 dagger
rCold   + . .      Faith    .   (no shield)
rNeg    + + +      Spirit   .   a - +0 robe
rPois   inf        Reflect  .   (no helmet)
rElec   .          Harm     .   (no cloak)
rCorr   .          Rampage  .   (no gloves)
Will    .....                   (no boots)
Stlth   ++........              (no amulet)
HPRegen 0.00/turn               (no ring)
MPRegen 0.08/turn               (no ring)

@: inhibited regen, constricted
A: claws 1, cold resistance 1, negative energy resistance 3, inhibited
regeneration, torment resistance 2, devour on kill
a: no special abilities


You were on level 1 of the Dungeon.
You visited 1 branch of the dungeon, and saw 1 of its levels.

You collected 23 gold pieces.


Innate Abilities, Weirdness & Mutations

You are immune to poison.
You have sharp fingernails.
Your flesh is cold resistant. (rC+)
You are immune to negative energy. (rN+++)
You do not regenerate when monsters are visible.
You are immune to unholy pain and torment.
You thrive by killing the living.


   Skills:
 + Level 0.9 Fighting
 - Level 1.0 Axes
 - Level 1.7 Dodging
 - Level 2.1 Stealth
 - Level 1.7 Spellcasting
 - Level 3.6 Summonings


You had 3 spell levels left.
You knew the following spells:

 Your Spells              Type           Power      Damage    Failure   Level
a - Summon Small Mammal   Summ           32%        N/A       8%          1

Your spell library contained the following spells:

 Spells                   Type           Power      Damage    Failure   Level
 Call Imp                 Summ           8%         N/A       11%         2
 Call Canine Familiar     Summ           8%         N/A       22%         3
 Summon Guardian Golem    Hex/Summ       4%         N/A       43%         3
 Summon Lightning Spire   Summ/Air       4%         N/A       83%         4

Inventory:

Hand Weapons
 d - a +0 dagger (weapon)
Armour
 a - a +0 robe (worn)
Scrolls
 c - 2 scrolls of enchant armour {unknown}
Potions
 b - a potion of magic
 e - a potion of might {unknown}

Dungeon Overview and Level Annotations

Branches:
Dungeon (1/15)

Altars:


Message History

Your rat bites the hobgoblin.
Your rat misses the ball python.
Your magical contamination has completely faded away.
You hit the hobgoblin but do no damage.
The hobgoblin is lightly wounded.
The ball python bites your rat. The ball python constricts your rat.
Your rat dies!
Your rat's corpse disappears in a puff of smoke!
The hobgoblin hits you.
Your rat barely misses the hobgoblin.
You hit the hobgoblin.
The hobgoblin is lightly wounded.
The hobgoblin hits you.
Your rat closely misses the hobgoblin.
You hit the hobgoblin but do no damage.
The hobgoblin is lightly wounded.
The hobgoblin barely misses you. The ball python bites you.
The ball python barely misses you.
Your rat barely misses the hobgoblin.
You closely miss the hobgoblin.
The hobgoblin is lightly wounded.
The hobgoblin hits you. The ball python closely misses you.
The ball python misses you.
Your rat barely misses the hobgoblin.
You barely miss the hobgoblin.
The hobgoblin is lightly wounded.
The hobgoblin hits you. The ball python misses you.
The ball python closely misses you.
Your rat bites the hobgoblin.
You hit the hobgoblin but do no damage.
The hobgoblin is lightly wounded.
The ball python bites you. The ball python grabs you.
The ball python constricts you.
The hobgoblin hits you but does no damage.
Your rat bites the hobgoblin but does no damage.
832 ||| CASTING Summon Small Mammal
Casting: Summon Small Mammal (safe; 8% risk of failure)
Confirm with . or Enter, or press ? or * to list all spells.
The ball python bites you. The ball python constricts you.
The hobgoblin hits you.
Your rat bites the hobgoblin but does no damage.
You hit the ball python.
The ball python is severely wounded.
Your bat completely misses the hobgoblin.
The ball python bites you. The ball python constricts you.
You die...

#.#####.##########.#
##...## #.# #.....#
#.# ##...## #.#
##.## #.# #.# #.##
#.# #%.# ##'## ##.#
#.@.# #.# #..gS.#
#####.#### #...br..#
#.........
#.........#
#.....###.
+.........+.......#
#.
#.........###.....#
#. ##.......##
#.#.#.# #. ##.....##
#.###.# #. # #.# #.


You could see a hobgoblin (ally target), a ball python, a friendly bat
(summoned) and a friendly rat (summoned).

Vanquished Creatures
  A goblin (D:1)
  A quokka (D:1)
  A frilled lizard (D:1)
  A rat (D:1)
4 creatures vanquished.

Vanquished Creatures (collateral kills)
  An endoplasm (D:1)
  A bat (D:1)
  A rat (D:1)
3 creatures vanquished.

Grand Total: 7 creatures vanquished

Notes
Turn   | Place    | Note
-------+----------+-------------------------------------------
     0 | D:1      | qw the Ghoul Summoner began the quest for the Orb.
     0 | D:1      | Reached XP level 1. HP: 14/14 MP: 2/2
     0 | D:1      | 0 ||| qw: Version: 0.1-a-116-g5d60599
     0 | D:1      | 0 ||| qw: Game counter: 7671
     0 | D:1      | 0 ||| qw: Always use a shield: true
     0 | D:1      | 0 ||| qw: God list: Okawaru
     0 | D:1      | 0 ||| qw: Allow faded altars: false
     0 | D:1      | 0 ||| qw: Do Orc after D:15 true
     0 | D:1      | 0 ||| qw: Do second Lair branch before Depths: true
     0 | D:1      | 0 ||| qw: Lair rune preference: random
     0 | D:1      | 0 ||| qw: Plans: Normal
     0 | D:1      | 0 ||| PLANNING D:1-11
    67 | D:1      | 67 ||| CASTING Summon Small Mammal
    68 | D:1      | 68 ||| CASTING Summon Small Mammal
   105 | D:1      | 105 ||| CASTING Summon Small Mammal
   106 | D:1      | 106 ||| CASTING Summon Small Mammal
   118 | D:1      | 118 ||| CASTING Summon Small Mammal
   123 | D:1      | HP: 2/14 [quokka (4)]
   202 | D:1      | 202 ||| Stepping ~*~*~tactically~*~*~ (stealth).
   203 | D:1      | 203 ||| Stepping ~*~*~tactically~*~*~ (stealth).
   204 | D:1      | 204 ||| Stepping ~*~*~tactically~*~*~ (stealth).
   274 | D:1      | 274 ||| Stepping ~*~*~tactically~*~*~ (stealth).
   275 | D:1      | 275 ||| Stepping ~*~*~tactically~*~*~ (stealth).
   276 | D:1      | 276 ||| Stepping ~*~*~tactically~*~*~ (stealth).
   326 | D:1      | 326 ||| Stepping ~*~*~tactically~*~*~ (stealth).
   350 | D:1      | 350 ||| Stepping ~*~*~tactically~*~*~ (stealth).
   356 | D:1      | 356 ||| Stepping ~*~*~tactically~*~*~ (stealth).
   403 | D:1      | 403 ||| CASTING Summon Small Mammal
   404 | D:1      | 404 ||| CASTING Summon Small Mammal
   430 | D:1      | 430 ||| CASTING Summon Small Mammal
   431 | D:1      | 431 ||| CASTING Summon Small Mammal
   435 | D:1      | Reached skill level 1 in Axes
   458 | D:1      | 458 ||| Wielding weapon +0 dagger.
   483 | D:1      | 483 ||| CASTING Summon Small Mammal
   484 | D:1      | 484 ||| CASTING Summon Small Mammal
   511 | D:1      | 511 ||| CASTING Summon Small Mammal
   512 | D:1      | 512 ||| CASTING Summon Small Mammal
   747 | D:1      | 747 ||| CASTING Summon Small Mammal
   748 | D:1      | 748 ||| CASTING Summon Small Mammal
   754 | D:1      | Reached XP level 2. HP: 22/22 MP: 0/3
   819 | D:1      | 819 ||| CASTING Summon Small Mammal
   820 | D:1      | 820 ||| CASTING Summon Small Mammal
   821 | D:1      | 821 ||| CASTING Summon Small Mammal
   831 | D:1      | HP: 5/22 [constriction (1)]
   832 | D:1      | 832 ||| CASTING Summon Small Mammal
   832 | D:1      | HP: 2/22 [hobgoblin (2)]
   833 | D:1      | Constricted to death by a ball python

Levels and vault maps discovered:
D:1:      sevenhm_arrival_forest_fort_large_2, layout_loops_corners

Skill      XL: |  1 |
---------------+----+-----
Axes           | 1 |  1.0
Fighting       | |  0.9
Dodging        | |  1.7
Stealth        | |  2.1
Spellcasting   | |  1.7
Summonings     | |  3.6

Action                   || total
-------------------------++-------
Melee: Unarmed           ||    13
       Dagger            ||     9
 Cast: Summon Small Mamm ||    17
Armor: Robe              ||     4
Dodge: Dodged            ||    12

Table legend:
 A = Non-vault XP
 B = Vault XP
 C = Vault XP percentage of total XP
 D = Non-vault monster count
 E = Vault monster count
 F = Vault count percentage of total count
                 A         B        C        D         E       F
            +---------+---------+-------+---------+---------+-------
      Total |      10 |       0 |   0.0 |       7 |       0 |   0.0
            +---------+---------+-------+---------+---------+-------
        D:1 |      10 |       0 |   0.0 |       7 |       0 |   0.0
            +---------+---------+-------+---------+---------+-------
